 Dungeon Crawl Stone Soup version 0.28-a0-1190-g77e1c55843 (webtiles) character file.

Game seed: 8942800622069247553

122 pokeman the Magician (level 4, 0/25 HPs)
             Began as a Deep Elf Hedge Wizard on Dec 19, 2021.
             Slain by an iguana (8 damage)
             ... on level 4 of the Dungeon.
             The game lasted 00:04:36 (3458 turns).

pokeman the Magician (Deep Elf Hedge Wizard)        Turns: 3458, Time: 00:04:36

Health: 0/25       AC:  3    Str:  7    XL:     4   Next: 78%
Magic:  2/14       EV: 12    Int: 21    God:
Gold:   162        SH:  0    Dex: 14    Spells: 4/15 levels left

rFire   . . .      SeeInvis .   n - +0 war axe
rCold   . . .      Faith    .   (no shield)
rNeg    . . .      Spirit   .   l - +0 leather armour
rPois   .          Reflect  .   c - +0 hat
rElec   .          Harm     .   (no cloak)
rCorr   .          Rampage  .   (no gloves)
Will    .....                   (no boots)
Stlth   ++........              (no amulet)
HPRegen 0.08/turn               (no ring)
MPRegen 0.14/turn               (no ring)

@: no status effects
A: no striking features
a: no special abilities


You were on level 4 of the Dungeon.
You visited 1 branch of the dungeon, and saw 4 of its levels.

You collected 162 gold pieces.

Inventory:

Hand Weapons
 n - a +0 war axe (weapon)
Missiles
 k - 20 bolts
Armour
 c - a +0 hat (worn)
 l - a +0 leather armour (worn)
Scrolls
 b - a scroll of teleportation {unknown}
 f - a scroll of enchant weapon {unknown}
 o - a scroll of magic mapping {unknown}
 p - a scroll of blinking {unknown}
Potions
 a - 3 potions of might {unknown}
 d - 2 potions of attraction {unknown}
 e - a potion of cancellation {unknown}
 g - a potion of lignification {unknown}
 h - a potion of degeneration {unknown}
 i - a potion of ambrosia {unknown}
 j - a potion of brilliance {unknown}
 m - 4 potions of curing {unknown}


   Skills:
 - Level 1.0 Fighting
 - Level 1.0 Armour
 + Level 2.8 Dodging
 - Level 2.4 Stealth
 * Level 6.0 Spellcasting
 + Level 2.3 Conjurations
 - Level 1.1 Summonings
 - Level 1.1 Translocations
 - Level 1.0 Fire Magic
 + Level 0.0 Air Magic


You had 4 spell levels left.
You knew the following spells:

 Your Spells              Type           Power      Damage    Failure   Level
a - Magic Dart            Conj           64%        1d6       5%          1
b - Mephitic Cloud        Conj/Pois/Air  9%         N/A       30%         3
c - Call Imp              Summ           10%        N/A       14%         2
d - Blink                 Tloc           20%        N/A       14%         2
e - Conjure Flame         Conj/Fire      13%        6-21      22%         3

Your spell library contained the following spells:

 Spells                   Type           Power      Damage    Failure   Level
 Slow                     Hex            24%        N/A       14%         1
 Animate Dead             Necr           3%         N/A       80%         4
 Borgnjor's Vile Clutch   Necr/Erth      3%         N/A       98%         5
 Death Channel            Necr           3%         N/A       100%        6


Dungeon Overview and Level Annotations

Branches:
Dungeon (4/15)
 Temple: D:4-7

Altars:

Shops:
D:1 *


Message History

Confirm with . or Enter, or press ? or * to list all spells.
Aiming: Magic Dart (safe; 5% risk of failure)
Press: ? - help, Shift-Dir - straight line, f/p - iguana
Aim: an iguana (severely wounded, 100% to hit)
The magic dart hits the iguana but does no damage.
The iguana is severely wounded.
The iguana bites you.
Casting: Magic Dart (safe; 5% risk of failure)
Confirm with . or Enter, or press ? or * to list all spells.
Aiming: Magic Dart (safe; 5% risk of failure)
Press: ? - help, Shift-Dir - straight line, f/p - iguana
Aim: an iguana (severely wounded, 100% to hit)
The magic dart hits the iguana.
The iguana is almost dead.
The iguana closely misses you.
Casting: Magic Dart (safe; 5% risk of failure)
Confirm with . or Enter, or press ? or * to list all spells.
Aiming: Magic Dart (safe; 5% risk of failure)
Press: ? - help, Shift-Dir - straight line, f/p - iguana
Aim: an iguana (almost dead, 100% to hit)
The magic dart hits the iguana.
The iguana is almost dead.
The howler monkey skeleton barely misses you.
The iguana bites you.
* * * LOW HITPOINT WARNING * * *
Unknown command.
Casting: Magic Dart (safe; 5% risk of failure)
Confirm with . or Enter, or press ? or * to list all spells.
You blink.
Found 2 fuming black potions.
Found a stone staircase leading down.
Unknown command.
Found a scroll labelled FEMYED CENTAPPU.
The howler monkey skeleton misses you.
There is an escape hatch in the floor here.
You barely miss the howler monkey skeleton.
You feel stable enough to blink again. The howler monkey skeleton misses you.
You closely miss the iguana.
The iguana is almost dead.
The iguana bites you!
You die...

######..........#
..............#..
..............# #
......#.#######
######...#.# ....
#.#.#.# ###..#.
...##
.......##...#
#......@lZ..##
##......#....#
#...#..........!.
##.......##......
#....##.. #.#...
#..#? ###. ...>.
#..... ## ....
#...#. ... .#.


You could see an iguana and a howler monkey skeleton.

Vanquished Creatures
  A hound (D:3)
  3 adders
  4 orcs
  7 endoplasms
  3 giant cockroaches
  4 goblins
  2 hobgoblins (D:2)
  6 jackals
  4 quokkas
  6 ball pythons
  9 bats
  3 frilled lizards
  4 kobolds
  3 rats
59 creatures vanquished.

Notes
Turn   | Place    | Note
-------+----------+-------------------------------------------
     0 | D:1      | pokeman the Deep Elf Hedge Wizard began the quest for the
                  | Orb.
     0 | D:1      | Reached XP level 1. HP: 10/10 MP: 7/7
   320 | D:1      | Reached XP level 2. HP: 14/15 MP: 4/9
   721 | D:1      | Found Atzelail's General Store.
  1020 | D:2      | Reached skill level 5 in Spellcasting
  1026 | D:2      | Reached XP level 3. HP: 20/20 MP: 0/11
  1034 | D:2      | Learned a level 3 spell: Mephitic Cloud
  1037 | D:2      | Learned a level 2 spell: Call Imp
  1040 | D:2      | Learned a level 2 spell: Blink
  1044 | D:2      | Learned a level 3 spell: Conjure Flame
  1159 | D:2      | Found a faded altar of an unknown god.
  1332 | D:2      | Reached skill level 1 in Fighting
  1548 | D:2      | Reached skill level 1 in Armour
  2371 | D:3      | Reached XP level 4. HP: 25/25 MP: 7/13
  3264 | D:3      | Reached skill level 6 in Spellcasting
  3264 | D:3      | Reached skill level 1 in Fire Magic
  3458 | D:4      | Slain by an iguana

Illustrated notes

Levels and vault maps discovered:
D:1:      shiori_arrival_whats_in_store_for_you, layout_loops_ring,
          serial_shops, shop, minmay_split_cup_large
D:2:      layout_loops_corners, serial_aquarium, aquarium_bridge_square
          [aquarium_subvault_bridge, aquarium_subvault_wall,
          aquarium_subvault_window, aquarium_subvault_bridge],
          aquarium_window_fake, aquarium_window_fake, aquarium_window_fake,
          aquarium_view_2c, aquarium_view_2a, aquarium_balcony_5a,
          hellmonk_ecumenical_altar_arch_garden, item_on_display_a
D:3:      layout_loops_cross
D:4:      layout_rooms, gammafunk_ghost_mausoleum, uniq_pikel

Skill      XL: |  1  2  3  4 |
---------------+-------------+-----
Spellcasting   | 5 6 |  6.0
Fighting       | 1 |  1.0
Armour         | 1 |  1.0
Conjurations   | 2 |  2.3
Fire Magic     | 1 |  1.0
Dodging        | |  2.8
Stealth        | |  2.4
Summonings     | |  1.1
Translocations | |  1.1

Action                   |  1- 3 |  4- 6 || total
-------------------------+-------+-------++-------
Melee: Dagger            |     9 |       ||     9
       War axe           |       |     7 ||     7
 Cast: Magic Dart        |   107 |    58 ||   165
       Mephitic Cloud    |       |     1 ||     1
       Blink             |       |     1 ||     1
Armor: Robe              |     5 |       ||     5
       Leather armour    |       |     7 ||     7
Dodge: Dodged            |    26 |    25 ||    51

Table legend: (Time is in decaauts)
 A = Elapsed time spent in this place.
 B = Non-inter-level travel time spent in this place.
 C = Inter-level travel time spent in this place.
 D = Time resting spent in this place.
 E = Time spent auto-exploring this place.
 F = Levels seen in this place.
 G = Mean time per level.
                   A        B        C        D        E       F      G
               +--------+--------+--------+--------+--------+-----+--------+
         Total |   3460 |   3358 |    102 |    130 |   2871 |   4 |  865.0 |
       Dungeon |   3460 |   3358 |    102 |    130 |   2871 |   4 |  865.0 |
               +--------+--------+--------+--------+--------+-----+--------+

Top non-repeatable levels by time:
     D:2: 1337 daAuts
     D:3: 1113 daAuts
     D:1: 967 daAuts
     D:4: 42 daAuts
